Map: [ESL] Goldenaura

Players

Clem

  • Race: Terran Terran
  • Spawn Location: 12:00

herO - Winner!

  • Race: Protoss Protoss
  • Spawn Location: 5:00

Event: ESL Spring 2024 Finals

VOD

Have the link to the VOD?

Description

Time

  • Played on: June 1, 2024, 2:21 p.m.
  • Length: 16:03

All games in this series

Show
View Real Time Build Order
Export as new Build Order

Clem Terran 

Build Orders: 1/1/1 

Get SALT Encoding   

  12  0:00  SCV  
  13  0:12  SCV  
  14  0:17  Supply Depot  
  14  0:24  SCV  
  15  0:38  SCV  
  15  0:39  Barracks  
  16  0:43  Refinery  
  16  0:50  SCV  
  16  0:53  Refinery  
  17  1:02  SCV  
  18  1:14  SCV  
  19  1:26  Orbital Command, Reaper  
  19  1:28  Supply Depot  
  20  1:40  Factory  
  20  1:52  SCV  
  21  1:58  Barracks Reactor  
  21  2:05  SCV  
  22  2:15  Command Center  
  22  2:18  SCV  
  23  2:25  Starport  
  23  2:30  SCV  
  23  2:33  Widow Mine  
  26  2:38  Supply Depot  
  26  2:40  Marine  
  26  2:43  Marine  
  28  2:46  SCV  
  29  2:55  Factory Tech Lab  
  30  2:58  SCV, Marine  
  30  3:01  Marine  
  30  3:03  Medivac  
  34  3:10  SCV  
  35  3:13  Hellion  
  35  3:19  Marine x2  
  37  3:26  SCV  
  40  3:32  Supply Depot  
  40  3:37  Starport Tech Lab  
  40  3:38  Siege Tank, SCV  
  44  3:41  Marine  
  44  3:47  Orbital Command  
  45  3:51  SCV  
  45  3:53  Marine  
  47  3:59  Raven  
  47  4:02  Marine  
  50  4:03  SCV  
  50  4:08  Supply Depot  
  51  4:14  SCV  
  51  4:15  SCV  
  45  4:26  SCV  
  45  4:27  SCV  
  45  4:30  Cyclone  
  45  4:31  Marine x2  
  44  4:33  Barracks  
  44  4:38  SCV  
  47  4:39  SCV  
  47  4:44  Barracks  
  48  4:49  Marine  
  48  4:50  SCV, Viking  
  48  4:51  SCV  
  52  4:56  Marine, Engineering Bay  
  52  5:02  SCV  
  52  5:03  SCV, Cyclone  
  52  5:07  Marine, Refinery  
  56  5:11  Supply Depot  
  56  5:14  SCV, Marine  
  59  5:22  SCV  
  59  5:23  Supply Depot, Starport Reactor  
  59  5:24  Marine  
  59  5:26  SCV, Refinery  
  62  5:29  Stimpack  
  62  5:31  Marine, Marauder  
  62  5:34  SCV  
  66  5:38  Terran Infantry Weapons Level 1, SCV  
  66  5:39  Supply Depot  
  66  5:41  Combat Shield  
  66  5:42  Marine  
  68  5:45  Marauder  
  68  5:46  SCV  
  68  5:49  Supply Depot  
  71  5:52  Marine, Marauder  
  71  5:54  Factory Reactor  
  71  5:57  SCV  
  75  5:59  SCV  
  75  6:00  Medivac  
  75  6:04  Marine  
  76  6:07  Supply Depot  
  76  6:09  Medivac  
  79  6:15  Marine, Marauder  
  79  6:16  Marauder  
  84  6:19  Supply Depot  
  84  6:24  Marine  
  85  6:31  Command Center  
  84  6:33  Medivac  
  84  6:37  Marine, Marauder  
  87  6:43  Marine, Widow Mine x2  
  87  6:46  Medivac  
  92  6:49  Marauder  
  92  6:55  Supply Depot  
  92  6:58  SCV x2  
  92  6:59  Marauder, Barracks  
  96  7:03  Barracks  
  96  7:07  Medivac  
  96  7:08  Marine  
  98  7:09  Marine  
  98  7:10  SCV  
  98  7:12  Marauder  
  103  7:17  Widow Mine x2  
  103  7:21  SCV, Marauder  
  108  7:24  SCV  
  108  7:27  Marine x2  
  111  7:33  Supply Depot, SCV, Marauder  
  111  7:36  SCV  
  115  7:37  Medivac  
  115  7:39  Terran Infantry Armor Level 1  
  115  7:42  Concussive Shells  
  115  7:43  Marauder  
  119  7:47  Widow Mine  
  119  7:48  Widow Mine  
  119  7:50  Marine x2  
  125  7:55  Barracks Tech Lab, Barracks Reactor  
  125  7:56  Marauder  
  125  7:57  SCV  
  115  8:02  SCV  
  115  8:04  Orbital Command, Marine  
  113  8:08  Marine  
  113  8:09  SCV  
  113  8:10  Viking  
  113  8:12  Viking  
  119  8:14  SCV  
  119  8:16  Marine  
  121  8:20  Ghost Academy  
  121  8:21  SCV  
  121  8:22  Marauder  
  121  8:24  Marauder  
  121  8:26  Marauder  
  129  8:27  SCV  
  129  8:29  Marine  
  129  8:30  SCV  
  129  8:33  SCV, Widow Mine x2  
  132  8:38  Marine x2  
  132  8:39  Supply Depot, SCV  
  135  8:41  Marine  
  135  8:43  Viking  
  135  8:46  SCV  
  135  8:48  Supply Depot  
  139  8:49  Ghost  
  139  8:52  Ghost  
  143  8:56  Ghost  
  143  8:57  Marine x2  
  143  8:59  Refinery  
  143  9:02  Refinery  
  145  9:05  Supply Depot, Marine x2  
  145  9:17  Command Center  
  145  9:21  Engineering Bay, Ghost, Armory  
  147  9:25  Viking  
  147  9:27  Viking  
  151  9:32  Supply Depot  
  151  9:34  SCV x3  
  151  9:36  Ghost  
  156  9:42  Supply Depot, Widow Mine  
  156  9:43  Widow Mine  
  156  9:45  Marine  
  161  9:46  Marine  
  161  9:49  Marine  
  161  9:50  SCV x2  
  164  9:55  Marine  
  164  9:56  Supply Depot  
  164  9:59  Sensor Tower  
  165  10:01  Ghost  
  165  10:04  Widow Mine  
  165  10:05  Ghost  
  165  10:07  Supply Depot  
  171  10:09  Missile Turret  
  171  10:11  Viking  
  171  10:13  Marine x2  
  173  10:17  SCV  
  173  10:18  SCV x2  
  173  10:19  Marine  
  179  10:21  Terran Infantry Weapons Level 2  
  177  10:32  Terran Infantry Armor Level 2  
  177  10:33  Barracks  
  177  10:34  Starport, Barracks  
  177  10:35  Barracks  
  177  10:37  SCV x2  
  177  10:40  Ghost  
  177  10:42  Marine x2  
  181  10:43  Marine x2  
  181  10:46  SCV, Marauder  
  181  10:49  SCV  
  189  10:51  Terran Ship Weapons Level 1  
  189  10:53  SCV  
  189  10:55  Marauder  
  192  10:59  SCV  
  192  11:01  Planetary Fortress  
  192  11:02  Missile Turret  
  193  11:05  Missile Turret  
  193  11:11  Refinery  
  186  11:12  Refinery  
  186  11:14  Viking x2  
  186  11:18  Viking x2  
  185  11:20  Marine  
  185  11:21  Marine  
  185  11:23  Marauder  
  189  11:27  Marauder  
  183  11:35  Ghost  
  185  11:42  Command Center  
  185  11:44  Marauder, Viking  
  189  11:48  Marauder  
  189  11:49  Marine  
  189  11:52  Viking  
  192  12:04  Marauder  
  192  12:06  Marauder  
  196  12:10  Marauder  
  196  12:11  Command Center, Medivac  
  195  12:16  Marine  
  195  12:18  Viking x2  
  195  12:22  Viking  
  178  12:24  Barracks Tech Lab x2  
  178  12:25  Barracks Tech Lab, Marine x3, Marauder  
  178  12:27  Marauder  
  183  12:31  Marauder  
  183  12:34  Marine  
  180  12:41  Viking  
  180  12:43  Marine x2  
  182  12:44  Terran Infantry Weapons Level 3  
  182  12:47  Marauder  
  182  12:48  Viking  
  182  12:49  Marauder  
  182  12:50  Marine, Marauder  
  183  12:51  Medivac  
  183  12:52  Ghost, Marauder  
  183  12:53  Ghost  
  177  13:03  SCV, Bunker  
  177  13:04  Marine  
  177  13:06  Medivac  
  177  13:08  Marauder  
  177  13:09  Marine, Ghost  
  177  13:11  Marine, Marauder  
  176  13:14  Marine, Marauder  
  157  13:21  Marine  
  157  13:22  Marauder  
  157  13:23  Marauder, Medivac  
  157  13:26  Marine  
  159  13:29  Marine  
  159  13:30  Marauder  
  159  13:31  Planetary Fortress, Marine  
  159  13:33  Marauder  
  160  13:35  Marauder  
  160  13:39  Marine, Marauder  
  160  13:40  Medivac  
  150  13:42  Ghost  
  150  13:43  Medivac  
  150  13:44  SCV x2, Marine x2  
  150  13:47  Marine  
  154  13:50  Ghost  
  154  13:51  Marine  
  154  13:54  Marauder  
  144  13:56  SCV x2  
  144  13:57  Marauder  
  144  14:00  Marine, Marauder  
  144  14:01  SCV  
  144  14:02  Marauder  
  154  14:03  Marine  
  154  14:05  Marine  
  154  14:09  Marine  
  152  14:11  Ghost  
  152  14:16  Marauder  
  144  14:18  Marauder  
  144  14:20  SCV  
  144  14:22  SCV  
  144  14:23  Marauder  
  148  14:25  Marine  
  148  14:26  Marine x2  
  148  14:28  SCV  
  141  14:33  Ghost  
  141  14:35  Marauder  
  141  14:37  Marine  
  139  14:40  Marine  
  139  14:41  Marine, Marauder  
  139  14:45  Marine  
  137  14:48  Marine  
  137  14:52  Marine  
  132  14:53  SCV  
  132  14:55  Ghost  
  132  14:58  SCV  
  128  15:00  SCV  
  128  15:04  SCV  
  128  15:05  Marine x2  
  131  15:08  SCV  
  131  15:10  Marine  
  131  15:11  Marine x2  
  134  15:14  Ghost  
  134  15:19  Marauder  
  129  15:22  Ghost  
  129  15:27  Ghost  
  120  15:29  Marine  
  120  15:30  Marine x2  
  120  15:34  Marine  
  123  15:38  Marine  
  123  15:39  Marauder  
  123  15:41  Marine  
Show
View Real Time Build Order
Export as new Build Order

herO Protoss - Winner!

Build Orders: 1 Gate Expand, Phoenix Opening, Colossus Rush 

Get SALT Encoding   

  12  0:00  Probe  
  13  0:12  Probe  
  14  0:18  Pylon  
  14  0:24  Probe (Chrono Boost)  
  15  0:36  Gateway  
  15  0:37  Probe (Chrono Boost)  
  16  0:44  Probe (Chrono Boost)  
  16  0:45  Assimilator  
  17  0:51  Probe  
  18  1:03  Probe  
  19  1:17  Nexus  
  19  1:27  Cybernetics Core  
  19  1:30  Probe  
  20  1:34  Assimilator  
  20  1:42  Probe  
  20  1:45  Pylon  
  21  1:54  Probe  
  21  2:00  Stalker (Chrono Boost)  
  22  2:06  Probe  
  25  2:14  Stargate  
  25  2:19  Probe (Chrono Boost)  
  26  2:23  Adept  
  26  2:28  Warp Gate  
  28  2:30  Probe (Chrono Boost)  
  28  2:37  Probe (Chrono Boost)  
  30  2:39  Probe (Chrono Boost)  
  30  2:44  Probe x2 (Chrono Boost)  
  32  2:51  Shield Battery  
  33  2:56  Probe  
  33  2:57  Phoenix (Chrono Boost), Probe  
  37  3:09  Probe x2  
  37  3:11  Pylon  
  39  3:14  Phoenix  
  41  3:21  Probe x2 (Chrono Boost)  
  43  3:28  Assimilator  
  43  3:29  Robotics Facility  
  43  3:33  Probe (Chrono Boost)  
  45  3:39  Probe (Chrono Boost)  
  45  3:41  Phoenix  
  45  3:42  Probe (Chrono Boost)  
  45  3:44  Assimilator  
  45  3:47  Probe (Chrono Boost)  
  45  3:48  Pylon, Probe (Chrono Boost)  
  50  4:00  Probe (Chrono Boost)  
  50  4:01  Shield Battery  
  52  4:03  Probe (Chrono Boost)  
  52  4:06  Probe (Chrono Boost), Phoenix  
  56  4:10  Probe (Chrono Boost)  
  56  4:15  Zealot  
  58  4:19  Probe  
  58  4:21  Probe, Immortal (Chrono Boost)  
  60  4:35  Pylon  
  60  4:37  Robotics Bay, Probe  
  60  4:38  Probe  
  62  4:48  Pylon  
  62  4:53  Observer (Chrono Boost)  
  62  4:59  Nexus  
  63  5:00  Probe x2  
  65  5:07  Phoenix  
  65  5:09  Observer (Chrono Boost)  
  65  5:13  Probe  
  65  5:14  Probe  
  70  5:15  Gateway  
  70  5:17  Sentry  
  72  5:24  Shield Battery, Pylon  
  72  5:28  Colossus (Chrono Boost)  
  78  5:42  Probe x2  
  80  5:44  Sentry  
  80  5:47  Shield Battery  
  80  5:49  Observer  
  82  5:52  Twilight Council  
  82  5:55  Probe x2  
  82  5:56  Pylon  
  82  5:57  Forge  
  84  5:59  Extended Thermal Lance  
  84  6:09  Shield Battery  
  86  6:11  Probe  
  86  6:14  Stalker  
  86  6:16  Phoenix  
  86  6:18  Colossus (Chrono Boost)  
  91  6:24  Pylon  
  95  6:26  Probe x2  
  95  6:28  Probe  
  98  6:36  Protoss Ground Weapons Level 1 (Chrono Boost)  
  98  6:37  Charge  
  98  6:39  Probe x2  
  100  6:42  Probe  
  101  6:51  Zealot  
  101  6:52  Zealot  
  101  6:53  Phoenix  
  105  7:00  Shield Battery, Probe x3  
  108  7:02  Gateway  
  108  7:07  Gateway  
  108  7:11  Colossus (Chrono Boost)  
  108  7:13  Pylon  
  108  7:14  Pylon  
  114  7:20  Phoenix  
  112  7:26  Zealot  
  112  7:27  Gateway  
  116  7:32  Pylon  
  116  7:36  Gateway  
  116  7:38  Gateway  
  116  7:39  Phoenix  
  116  7:44  Zealot, Pylon  
  118  7:45  Pylon  
  118  7:49  Zealot  
  110  7:59  Immortal (Chrono Boost)  
  110  8:05  Zealot x2  
  110  8:08  Templar Archives  
  110  8:10  Zealot  
  110  8:11  Probe  
  117  8:14  Phoenix (Chrono Boost)  
  117  8:18  Pylon  
  119  8:24  Pylon  
  119  8:26  Zealot  
  121  8:27  Zealot x3  
  121  8:30  Phoenix (Chrono Boost)  
  127  8:38  Blink, Protoss Ground Weapons Level 2 (Chrono Boost)  
  127  8:39  Zealot  
  127  8:40  Zealot x2  
  133  8:46  Forge  
  133  8:47  Nexus  
  133  8:49  Zealot  
  133  8:51  Probe x2  
  133  8:54  Probe  
  133  8:55  Assimilator  
  138  8:57  Assimilator, Observer  
  138  9:03  Probe  
  138  9:04  Probe  
  138  9:06  Probe  
  141  9:12  Zealot x4  
  141  9:13  Zealot  
  149  9:17  Gateway  
  149  9:19  High Templar x2  
  149  9:21  Probe x3  
  149  9:23  Protoss Ground Armor Level 1 (Chrono Boost)  
  156  9:25  Archon  
  156  9:29  Pylon  
  156  9:36  Gateway  
  156  9:39  Gateway  
  156  9:41  Zealot x2  
  156  9:42  Pylon  
  156  9:43  Probe  
  161  9:49  Probe x2  
  163  9:56  High Templar x2  
  163  9:59  Pylon  
  165  10:00  Pylon  
  165  10:01  Probe  
  165  10:04  Shield Battery, Pylon  
  165  10:06  Disruptor (Chrono Boost), Zealot  
  165  10:07  Zealot x2  
  172  10:19  Stalker x2  
  176  10:22  Probe  
  176  10:26  Nexus, Pylon  
  177  10:30  Stalker x2, Protoss Ground Weapons Level 3 (Chrono Boost)  
  180  10:38  Disruptor  
  180  10:44  Zealot x2  
  180  10:45  Stalker x2  
  180  10:47  Archon  
  188  10:50  Probe x3  
  188  10:51  Probe  
  192  10:57  Pylon  
  192  11:00  Shield Battery  
  192  11:04  Stalker x2  
  192  11:05  Zealot x2  
  192  11:10  Pylon  
  184  11:19  Zealot x4  
  184  11:20  Zealot  
  184  11:25  Disruptor (Chrono Boost)  
  188  11:29  Protoss Ground Armor Level 2  
  188  11:32  Stalker x4  
  186  11:37  Gateway  
  184  11:42  Probe x5  
  184  11:46  Stalker x2, Zealot  
  195  11:51  Disruptor (Chrono Boost)  
  195  11:53  Pylon  
  199  12:00  Zealot  
  199  12:05  Zealot x2  
  200  12:17  Disruptor (Chrono Boost)  
  184  12:23  Zealot x6  
  184  12:24  Zealot  
  184  12:25  Zealot  
  188  12:44  Stalker x7, Gateway  
  200  12:47  Gateway x2  
  200  12:50  Gateway  
  190  12:51  Disruptor (Chrono Boost)  
  176  13:00  Zealot x3  
  176  13:04  Gateway  
  182  13:07  Zealot x7  
  176  13:18  Colossus (Chrono Boost)  
  162  13:32  Zealot x10  
  152  13:53  Protoss Shields Level 1 (Chrono Boost)  
  152  13:54  Zealot x14  
  152  13:55  Colossus (Chrono Boost)  
  152  14:15  Zealot x13  
  152  14:16  Zealot  
  132  14:38  Zealot x3  
  132  14:39  Zealot x10, Colossus (Chrono Boost)  
  144  14:59  High Templar x9  
  152  15:00  Zealot x4  
  152  15:01  High Templar  
  152  15:03  Archon  
  152  15:04  Nexus, Archon x2  
  152  15:05  Archon x2  
  158  15:17  Colossus (Chrono Boost)  
  160  15:22  Stalker x2  
  160  15:23  Stalker x3  
  146  15:34  Stalker, Zealot x6  
  146  15:35  Zealot  
  136  15:58  Zealot  
  136  15:59  Zealot x9  
Tags
 
Add a new tag
Caveats
  • Supply blocks, unpowered buildings, or Contaminate may cause inaccurate times.
  • Supply counts are checked every 10 seconds.